 Dungeon Crawl Stone Soup version 0.23.0-3-gf3c87f2 (webtiles) character file.

Game seed: 2432565075691808709

61893 Folque the Geomancer (level 14, -1/107 HPs)
             Began as a Black Draconian Earth Elementalist on Feb 22, 2019.
             Was a High Priest of Sif Muna.
             Slain by a hornet (14 damage)
             ... while paralysed by a hornet
             ... on level 1 of the Swamp.
             The game lasted 02:28:54 (23936 turns).

Folque the Geomancer (DrEE)                        Turns: 23936, Time: 02:28:55

Health: -1/107     AC: 11    Str: 11    XL:     14   Next: 62%
Magic:  1/27       EV:  2    Int: 24    God:    Sif Muna [*****.]
Gold:   1356       SH:  0    Dex: 13    Spells: 0/31 levels left

rFire    . . .     SeeInvis .   a - +4 scimitar (flame)
rCold    . . .     Gourm    .   Z - +1 buckler
rNeg     . . .     Faith    .   (armour unavailable)
rPois    .         Spirit   .   (helmet restricted)
rElec    +         Reflect  .   T - scarf {repulsion}
rCorr    .         Harm     .   (no gloves)
MR       +....                  L - +2 pair of boots
Stlth    +++.......             u - amulet of regeneration
HPRegen  0.67/turn              (no ring)
MPRegen  0.20/turn              K - +5 ring of intelligence

@: paralysed, lethally poisoned (-1 -> -1), flying, divine energy, repel
missiles
A: breathe lightning, unfitting armour, big wings, electricity resistance,
cold-blooded, AC +8
a: Breathe Lightning, Stop Flying, Stop Divine Energy, Channel Magic, Forget
Spell, Renounce Religion


You were on level 1 of the Swamp.
You worshipped Sif Muna.
Sif Muna was extremely pleased with you.
You were near starving.

You visited 5 branches of the dungeon, and saw 22 of its levels.
You also visited: Sewer and Ossuary.

You collected 1356 gold pieces.

Inventory:

Hand Weapons
 a - a +4 scimitar of flaming (weapon)
 t - a +0 blowgun
 w - a +3 dagger of venom
Missiles
 b - 392 stones (quivered)
 r - 2 throwing nets
 z - 62 poisoned needles
Armour
 s - a +2 cloak of invisibility
 L - a +2 pair of boots (worn)
 T - a scarf of repulsion (worn)
 U - a +1 pair of boots
 Z - a +1 buckler (worn)
Jewellery
 o - an uncursed ring of protection from magic
 u - an amulet of regeneration (around neck)
 y - an uncursed ring of see invisible
 H - an uncursed ring of protection from fire
 K - a +5 ring of intelligence (right hand)
 N - a +5 ring of dexterity
 R - an uncursed amulet of magic regeneration
 Y - an uncursed ring of protection from fire
Wands
 i - a wand of polymorph (9)
 l - a wand of random effects (24)
 x - a wand of iceblast (21)
 B - a wand of enslavement (20)
 D - a wand of disintegration (16)
 M - a wand of acid (13)
 O - a wand of digging (5)
 S - a wand of paralysis (13)
Scrolls
 f - a scroll of brand weapon
 g - 8 scrolls of teleportation
 h - 5 scrolls of amnesia
 j - 13 scrolls of remove curse
 p - 2 scrolls of fear
 F - 6 scrolls of magic mapping
 I - 2 scrolls of fog
 Q - 13 scrolls of identify
 X - a scroll of blinking
Potions
 d - 10 potions of curing
 k - 3 potions of ambrosia {unknown}
 m - a potion of mutation
 n - 5 potions of might {unknown}
 q - 3 potions of cancellation
 A - 5 potions of brilliance
 E - 4 potions of haste
 G - 9 potions of lignification {unknown}
 J - 2 potions of agility {unknown}
 P - 3 potions of magic
 V - 7 potions of flight {unknown}
Miscellaneous
 e - a phantom mirror
 v - a fan of gales
Comestibles
 c - 17 rations


   Skills:
 - Level 5.2 Fighting
 - Level 4.4(5.2) Short Blades
 + Level 4.1(5.1) Long Blades
 + Level 6.4 Dodging
 - Level 5.1 Stealth
 - Level 7.1 Shields
 - Level 9.0 Spellcasting
 + Level 10.4 Conjurations
 - Level 6.0 Necromancy
 - Level 4.0 Transmutations
 + Level 3.0 Air Magic
 * Level 12.0 Earth Magic
 - Level 7.0 Invocations
 - Level 4.0 Evocations


You couldn't memorise any spells.
You knew the following spells:

 Your Spells              Type           Power        Failure   Level  Hunger
a - Sandblast             Erth           ######       1%          1    None
b - Passwall              Tmut/Erth      #####...     1%          2    None
c - Stone Arrow           Conj/Erth      ######       1%          3    None
d - Lee's Rapid Deconstr  Erth           ######....   1%          5    ####...
e - Petrify               Tmut/Erth      #####...     2%          4    ##.....
f - Iron Shot             Conj/Erth      ######....   9%          6    ######.
g - Animate Dead          Necr           N/A          4%          4    ##.....
h - Regeneration          Chrm/Necr      ####......   4%          3    None
i - Static Discharge      Conj/Air       #####...     1%          3    None

Your spell library contained the following spells:

 Spells                   Type           Power        Failure   Level  Hunger
 Animate Skeleton         Necr           N/A          1%          1    None
 Magic Dart               Conj           ####         1%          1    None
 Pain                     Necr           ####         1%          1    None
 Shock                    Conj/Air       ####         1%          1    None
 Dazzling Spray           Conj/Hex       #####.       1%          3    None
 Vampiric Draining        Necr           #####.....   1%          3    None
 Swiftness                Chrm/Air       ###.....     4%          2    None
 Leda's Liquefaction      Hex/Erth       #####.....   4%          4    ##.....
 Corona                   Hex            ##.....      6%          1    None
 Bolt of Magma            Conj/Fire/Erth #####.....   8%          5    ####...
 Slow                     Hex            ##......     9%          2    None
 Song of Slaying          Chrm           ##......     9%          2    None
 Lightning Bolt           Conj/Air       #####.....   10%         5    ####...
 Inner Flame              Hex/Fire       ##......     17%         3    None
 Ozocubu's Armour         Chrm/Ice       ##......     17%         3    None
 Portal Projectile        Hex/Tloc       ##....       17%         3    None
 Spectral Weapon          Hex/Chrm       ##......     17%         3    None
 Airstrike                Air            ####......   17%         4    ##.....
 Iskenderun's Battlesphe  Conj/Chrm      #####...     19%         5    ####...
 Venom Bolt               Conj/Pois      #####.....   19%         5    ####...
 Excruciating Wounds      Chrm/Necr      ####......   43%         5    ####...
 Cause Fear               Hex            ##........   50%         4    ##.....
 Orb of Destruction       Conj           ######....   56%         7    #######
 Spellforged Servitor     Conj/Summ      #####.....   99%         7    #######


Dungeon Overview and Level Annotations

Branches:
Dungeon (13/15)            Temple (1/1) D:6            Lair (6/6) D:10
  Swamp (1/4) Lair:2       Spider (0/4) Lair:2        Slime (1/5) Lair:6
    Orc (0/2) D:10
 Vaults: D:13-14

Altars:
Ashenzari
Cheibriados
Dithmenos
Elyvilon
Fedhas
Gozag
Hepliaklqana
Kikubaaqudgha
Makhleb
Nemelex Xobeh
Okawaru
Qazlal
Ru
Sif Muna
Trog
Uskayaw
Vehumet
Wu Jian
Xom
Yredelemnul
Zin
The Shining One
Jiyva

Shops:
D:10 !

Annotations:
D:3 1 runed translucent door, p0werm0de's ghost, amateur GnAr
D:8 3 runed translucent doors, coffeespoons's ghost, novice GrFi
Lair:5 exclusion: 2 oklob plants


Innate Abilities, Weirdness & Mutations

You can breathe wild blasts of lightning.
Your glossy black scales are hard. (AC +8)
You cannot fit into any form of body armour.
Your large and strong wings let you fly indefinitely.
You are resistant to electric shocks. (rElec)
You are cold-blooded and may be slowed by cold attacks.


Message History

The spriggan rider hits your hornet zombie with a +0 spear!
The spriggan rider hits you from afar with a +0 spear!
* * * LOW HITPOINT WARNING * * *
Your hornet zombie closely misses the spriggan rider.
You feel much better.
You regain access to your magic.
Your hornet zombie completely misses the spriggan rider.
You block the spriggan rider's attack. The hornet stings you.
* * * LOW HITPOINT WARNING * * *
You suddenly lose the ability to move!
You feel sick.
Your hornet zombie hits the spriggan rider.
The spriggan rider hits you from afar with a +0 spear!
* * * LOW HITPOINT WARNING * * *
The hornet stings you but does no damage.
The spriggan rider hits you from afar with a +0 spear!
* * * LOW HITPOINT WARNING * * *
Your hornet zombie closely misses the spriggan rider.
The hornet stings you!
You die...

...≈≈≈..≈..≈.♣♣
...≈≈≈≈♣≈≈≈.♣
♣.≈≈.≈≈.≈.♣♣
♣≈≈....≈≈♣
♣♣(.)≈≈≈≈♣♣
♣.)Z<...≈♣
♣♣ii≈≈..♣♣
♣y...≈♣♣
♣@≈≈.≈♣ ♣♣...♣♣
♣..♣♣ ♣.♣♣ ♣♣♣


You could see 2 spriggan riders, a hornet and a friendly hornet zombie.

Vanquished Creatures
  Rupert (Lair:4)
  An acid blob (Slime:1)
  2 entropy weavers
  Nessos (Lair:4)
  A fire dragon (Lair:6)
  A centaur warrior (D:13)
  6 hydras
  A two-headed ogre (D:11)
  A tengu warrior (D:12)
  Sonja (Lair:1)
  A swamp dragon (Swamp:1)
  An unseen horror (D:11)
  An obsidian statue (D:13)
  2 oklob plants (Lair:5)
  2 manticores
  An ugly thing (D:12)
  Joseph (D:10)
  11 elephants
  4 black mambas
  7 spiny frogs
  An efreet (D:13)
  4 komodo dragons
  4 centaur skeletons
  6 trolls
  4 polar bears
  A tengu conjurer (D:12)
  A tyrant leech (Lair:2)
  2 bog bodies
  3 hornets
  6 hippogriffs
  7 slime creatures
  10 blink frogs
  A vampire (D:13)
  2 redbacks (Lair:2)
  3 spriggans
  2 basilisks (Lair:4)
  32 yaks
  2 wyverns
  2 hungry ghosts
  21 soldier ants
  2 acid dragons
  15 water moccasins
  13 porcupines
  3 sky beasts
  3 ice beasts
  A black bear (D:8)
  2 hornet zombies
  An eye of draining (D:12)
  6 ogres
  2 necrophages
  9 orc warriors
  2 phantoms
  10 centaurs
  4 wolves
  7 crocodiles
  4 big kobolds
  Blork the orc (D:4)
  18 bullfrogs
  2 gnoll sergeants
  3 wyvern zombies
  A wyvern skeleton (D:13)
  A scorpion (D:7)
  13 killer bees
  5 wights
  7 howler monkeys
  5 electric eels
  9 crimson imps
  A jelly (D:12)
  A spectral bullfrog (D:13)
  2 quasits
  5 bullfrog zombies
  4 centaur zombies
  9 hounds
  3 bullfrog skeletons
  6 orc priests
  Crazy Yiuf (D:4)
  16 orc wizards
  8 iguanas
  23 worker ants
  2 killer bee zombies
  3 hound zombies
  2 hound skeletons
  16 mummies (Ossuary)
  3 worker ant zombies (Ossuary)
  20 gnolls
  18 adders
  2 shadow imps
  2 adder skeletons
  2 adder zombies (Ossuary)
  6 worms
  2 dart slugs
  6 leopard geckos
  36 orcs
  7 giant cockroaches
  7 goblins
  5 hobgoblins
  15 jackals
  18 kobolds
  8 quokkas
  A ball python zombie (Ossuary)
  7 bats
  13 frilled lizards
  A giant cockroach zombie (Ossuary)
  A jackal zombie (Ossuary)
  3 leopard gecko skeletons
  2 leopard gecko zombies (Ossuary)
  A quokka zombie (D:8)
  7 rats
  2 fungi
  9 plants
616 creatures vanquished.

Vanquished Creatures (collateral kills)
  A death yak (Lair:2)
  A queen ant (Lair:4)
  A swamp dragon (Lair:6)
  2 torpor snails
  5 elephants
  A black mamba (Lair:2)
  2 spiny frogs
  2 komodo dragons
  3 blink frogs (Lair:1)
  2 hippogriffs
  9 yaks
  3 basilisks (Lair:6)
  3 steam dragons (Lair:6)
  2 acid dragons (Lair:6)
  3 soldier ants (Lair:4)
  A porcupine (Lair:1)
  4 water moccasins
  A crocodile (Lair:6)
  An electric eel (Lair:5)
  An iguana (Lair:6)
  7 worker ants (Lair:4)
  3 fungi
  2 plants
60 creatures vanquished.

Vanquished Creatures (others)
  A killer bee (D:9)
  31 fungi
  17 plants
  2 withered plants (Ossuary)
51 creatures vanquished.

Grand Total: 727 creatures vanquished

Notes
Turn   | Place    | Note
-------+----------+-------------------------------------------
     0 | D:1      | Folque the Draconian Earth Elementalist began the quest for
                  | the Orb.
     0 | D:1      | Reached XP level 1. HP: 14/14 MP: 3/3
   226 | D:1      | Reached skill level 1 in Fighting
   226 | D:1      | Reached XP level 2. HP: 11/23 MP: 5/5
   846 | D:2      | Noticed a crimson imp
   855 | D:2      | Killed a crimson imp
   855 | D:2      | Reached XP level 3. HP: 26/29 MP: 1/7
   865 | D:2      | Learned a level 2 spell: Passwall
   869 | D:2      | Learned a level 3 spell: Stone Arrow
   910 | D:2      | Reached XP level 4. HP: 35/36 MP: 3/8
   957 | D:3      | Found a runed translucent door.
   957 | D:3      | Noticed p0werm0de's ghost (amateur GnAr)
  1122 | D:3      | Reached skill level 1 in Conjurations
  1672 | D:2      | Noticed an ice beast
  1680 | D:2      | Killed an ice beast
  1680 | D:2      | Reached skill level 4 in Earth Magic
  1680 | D:2      | Reached XP level 5. HP: 8/41 MP: 0/10
  1687 | D:2      | Learned a level 5 spell: Lee's Rapid Deconstruction
  2062 | D:2      | Reached XP level 6. HP: 48/48 MP: 5/11
  2261 | D:3      | Found a faded altar of an unknown god.
  2737 | D:4      | Noticed Blork the orc
  2765 | D:4      | Killed Blork the orc
  2765 | D:4      | Reached skill level 5 in Earth Magic
  3141 | D:4      | Found a runed translucent door.
  3142 | D:4      | Noticed Crazy Yiuf
  3149 | D:4      | Killed Crazy Yiuf
  3266 | D:4      | Your scales start taking on a glossy black colour.
  3266 | D:4      | Reduced skill Earth Magic to level 4
  3266 | D:4      | Reached XP level 7. HP: 53/55 MP: 4/13
  3266 | D:4      | Gained mutation: You are resistant to electric shocks.
                  | (rElec) [Black Draconian growth]
  3693 | D:4      | Reached skill level 5 in Earth Magic
  3859 | D:5      | Entered Level 5 of the Dungeon
  3867 | D:5      | Reached skill level 5 in Spellcasting
  3878 | D:5      | Learned a level 4 spell: Petrify
  3939 | D:5      | Noticed a troll
  3946 | D:5      | Killed a troll
  3946 | D:5      | Reached XP level 8. HP: 34/61 MP: 5/15
  4512 | D:5      | Found a glowing drain.
  4516 | Sewer    | Entered a sewer
  5516 | D:6      | Found a staircase to the Ecumenical Temple.
  5531 | Temple   | Entered the Ecumenical Temple
  5661 | Temple   | Became a worshipper of Sif Muna the Loreminder
  6015 | D:6      | Reached skill level 5 in Conjurations
  6015 | D:6      | Reached skill level 6 in Earth Magic
  6389 | D:7      | Found a sand-covered staircase.
  6405 | Ossuary  | Entered an ossuary
  6429 | Ossuary  | Reached skill level 1 in Short Blades
  6583 | Ossuary  | Reached XP level 9. HP: 67/67 MP: 1/16
  6614 | Ossuary  | Reached * piety under Sif Muna
  7349 | D:7      | Reached ** piety under Sif Muna
  7485 | D:7      | Reached skill level 7 in Earth Magic
  7724 | D:8      | Reached skill level 5 in Stealth
  7980 | D:8      | Reached skill level 1 in Invocations
  8104 | D:8      | Reached XP level 10. HP: 73/73 MP: 1/18
  8315 | D:8      | Found a bloodstained altar of Trog.
  8317 | D:8      | Found a glowing silver altar of Zin.
  8856 | D:8      | Noticed coffeespoons's ghost (novice GrFi)
  8857 | D:8      | Found a runed translucent gate.
  8857 | D:8      | Found a runed translucent gate.
  8857 | D:8      | Found a runed translucent gate.
  8857 | D:8      | Noticed a nine-headed hydra
  8996 | D:9      | Reached skill level 8 in Earth Magic
  9000 | D:9      | Reached *** piety under Sif Muna
  9513 | D:10     | Entered Level 10 of the Dungeon
  9642 | D:10     | Noticed Joseph
 10231 | D:10     | Reached skill level 5 in Invocations
 10263 | D:10     | Reached skill level 5 in Dodging
 10263 | D:10     | Reached XP level 11. HP: 45/79 MP: 1/20
 10388 | D:10     | Reached skill level 1 in Evocations
 10419 | D:10     | Reached skill level 9 in Earth Magic
 10452 | D:10     | Found a staircase to the Lair.
 10634 | D:10     | Killed Joseph
 10853 | D:10     | Found Vioxtah's Distillery.
 10964 | D:10     | Found a staircase to the Orcish Mines.
 11497 | D:11     | Found a bloodstained altar of Trog.
 11514 | D:11     | Reached **** piety under Sif Muna
 12110 | D:11     | Killed an unseen horror
 12285 | D:11     | Noticed a two-headed ogre
 12338 | D:11     | Killed a two-headed ogre
 12666 | D:12     | Noticed a purple ugly thing
 12678 | D:12     | Killed a purple ugly thing
 13449 | D:13     | Reached skill level 10 in Earth Magic
 13524 | D:13     | Noticed a tengu warrior
 13534 | D:12     | Reached XP level 12. HP: 68/88 MP: 2/24
 13542 | D:12     | Killed a tengu warrior
 13845 | D:13     | Reached ***** piety under Sif Muna
 13969 | D:13     | Noticed a centaur warrior
 13989 | D:13     | Killed a centaur warrior
 14120 | D:13     | Identified Sif Muna's Compendium of Aid and Blows and
                  | Bruises (Sif Muna gifted it to you on level 13 of the
                  | Dungeon)
 14120 | D:13     | Received a gift from Sif Muna
 14129 | D:13     | Learned a level 6 spell: Iron Shot
 14756 | Lair:1   | Entered Level 1 of the Lair of Beasts
 14924 | D:10     | Learned a level 4 spell: Animate Dead
 14928 | D:10     | Learned a level 3 spell: Regeneration
 15015 | Lair:1   | Reached skill level 5 in Fighting
 15148 | Lair:1   | Reached skill level 1 in Necromancy
 15165 | Lair:1   | Noticed a four-headed hydra
 15184 | Lair:1   | Killed a four-headed hydra
 15327 | Lair:1   | Noticed Sonja
 15336 | Lair:1   | Killed Sonja
 16111 | Lair:2   | Found a staircase to the Swamp.
 16171 | Lair:2   | Reached XP level 13. HP: 100/100 MP: 14/26
 16251 | Lair:2   | Found a hole to the Spider Nest.
 16306 | Lair:2   | Reached skill level 5 in Necromancy
 16497 | Lair:2   | Identified Sif Muna's Catalogue of Augmentations and Curses
                  | (Sif Muna gifted it to you on level 2 of the Lair of
                  | Beasts)
 16497 | Lair:2   | Received a gift from Sif Muna
 17190 | Lair:2   | Reached skill level 1 in Shields
 18221 | Lair:4   | Noticed Rupert
 18243 | Lair:4   | Killed Rupert
 18678 | Lair:4   | Noticed an entropy weaver
 18911 | Lair:4   | Noticed Nessos
 18925 | Lair:4   | Killed Nessos
 19065 | Lair:4   | Reached skill level 11 in Earth Magic
 19170 | Lair:3   | Killed an entropy weaver
 19340 | Lair:4   | Noticed an entropy weaver
 19525 | Lair:4   | Reached skill level 5 in Shields
 19569 | Lair:4   | Received a gift from Sif Muna
 19732 | Lair:4   | Killed an entropy weaver
 20684 | Lair:5   | Gained mutation: Your large and strong wings let you fly
                  | indefinitely. [Black Draconian growth]
 20684 | Lair:5   | Reached XP level 14. HP: 59/107 MP: 1/27
 21903 | Lair:6   | Entered Level 6 of the Lair of Beasts
 21960 | Lair:6   | Reached skill level 1 in Long Blades
 22051 | Lair:6   | Reached skill level 10 in Conjurations
 22184 | Lair:6   | Found the +7 mace of Variability {chain chaos}
 22421 | Lair:6   | Found a viscous altar of Jiyva.
 22421 | Lair:6   | Found a staircase to the Slime Pits.
 22779 | Lair:6   | Learned a level 3 spell: Static Discharge
 22860 | Lair:6   | Reached skill level 1 in Air Magic
 23557 | Slime:1  | Entered Level 1 of the Pits of Slime
 23557 | Slime:1  | Noticed an acid blob
 23561 | Slime:1  | Killed an acid blob
 23561 | Slime:1  | Received a gift from Sif Muna
 23677 | Swamp:1  | Entered Level 1 of the Swamp
 23923 | Swamp:1  | Reached skill level 12 in Earth Magic
 23934 | Swamp:1  | Paralysed by a hornet for 3 turns
 23936 | Swamp:1  | Slain by a hornet

Skill      XL: |  1  2  3  4  5  6  7  8  9 10 11 12 13 14 |
---------------+-------------------------------------------+-----
Fighting       | 1 2 5 |  5.2
Spellcasting   | 3 4 5 6 8 9 |  9.0
Conjurations   | 2 3 5 7 9 10 | 10.4
Earth Magic    | 4 4 5 6 7 8 10 11 12 | 12.0
Transmutations | 2 4 |  4.0
Stealth        | 3 5 |  5.1
Dodging        | 2 3 5 6 |  6.4
Short Blades   | 1 3 4 |  4.4
Invocations    | 2 5 7 |  7.0
Evocations     | 4 |  4.0
Necromancy     | 4 6 |  6.0
Shields        | 5 7 |  7.1
Long Blades    | 4 |  4.1
Air Magic      | 3 |  3.0

Action                   |  1- 3 |  4- 6 |  7- 9 | 10-12 | 13-15 || total
-------------------------+-------+-------+-------+-------+-------++-------
Melee: Hand axe          |    84 |   116 |       |       |       ||   200
       Unarmed           |    15 |       |       |       |       ||    15
       Tailslap          |     4 |    13 |    32 |    77 |    66 ||   192
       Quarterstaff      |       |    22 |   218 |       |       ||   240
       Dagger            |       |       |    31 |   443 |   239 ||   713
       Halberd           |       |       |    17 |     5 |       ||    22
       Scimitar          |       |       |       |       |    87 ||    87
Throw: Stone             |       |       |       |       |     1 ||     1
 Cast: Sandblast         |     4 |    32 |    73 |   115 |    66 ||   290
       Stone Arrow       |       |    26 |    86 |   175 |    86 ||   373
       Passwall          |       |     1 |       |     2 |       ||     3
       Lee's Rapid Decon |       |       |    17 |    50 |    35 ||   102
       Petrify           |       |       |     6 |    60 |    19 ||    85
       Animate Dead      |       |       |       |     6 |    47 ||    53
       Iron Shot         |       |       |       |     4 |    69 ||    73
       Regeneration      |       |       |       |       |     2 ||     2
Invok: Divine Energy     |       |       |     1 |       |       ||     1
       Channel Magic     |       |       |       |     1 |     3 ||     4
 Abil: Breathe Lightning |       |       |     2 |     6 |    10 ||    18
       Fly               |       |       |       |       |     1 ||     1
Evoke: Wand              |       |       |       |     6 |    11 ||    17
  Use: Scroll            |       |     5 |    12 |     2 |     7 ||    26
       Potion            |       |       |       |     1 |    10 ||    11
 Stab: Sleeping          |     3 |     1 |     3 |     4 |     3 ||    14
       Petrified         |       |     2 |    19 |    60 |    17 ||    98
       Paralysed         |       |     2 |     2 |     1 |       ||     5
       Petrifying        |       |       |       |     6 |       ||     6
       Distracted        |       |       |       |     2 |     3 ||     5
  Eat: Chunk             |       |    10 |    25 |    43 |    36 ||   114
       Ration            |       |       |     1 |     4 |    10 ||    15
Armor: Skin              |    51 |    63 |   100 |   197 |   112 ||   523
Dodge: Dodged            |    92 |   117 |   186 |   405 |   313 ||  1113
       Deflected         |       |       |       |       |     1 ||     1
Block: Buckler           |       |       |       |       |   135 ||   135
       Rpst.: Scimitar   |       |       |       |       |    25 ||    25
